 Dungeon Crawl Stone Soup version 0.25.0-9-g26727b657a (webtiles) character file.

Game seed: 16599922684644551980

35 Descartes the Grasshopper (level 3, -3/16 HPs)
             Began as a Felid Warper on June 20, 2020.
             Slain by an orc wizard
             ... wielding a +0 dagger
              (6 damage)
             ... on level 2 of the Dungeon.
             The game lasted 00:03:45 (1674 turns).

Descartes the Grasshopper (Felid Warper)            Turns: 1674, Time: 00:03:45

Health: -3/16      AC:  1    Str:  8    XL:     3   Next: 16%
Magic:  7/7        EV: 19    Int: 14    God:
Gold:   93         SH:  0    Dex: 15    Spells: 2/6 levels left
                                        Lives:  0   Deaths: 0

rFire    . . .     SeeInvis +     - Unarmed
rCold    . . .     Gourm    .   (shield unavailable)
rNeg     . . .     Faith    .   (armour unavailable)
rPois    .         Spirit   .   (helmet unavailable)
rElec    .         Reflect  .   (cloak unavailable)
rCorr    .         Harm     .   (gloves unavailable)
MR       .....                  (boots unavailable)
Stlth    +++.......             (no amulet)
HPRegen  0.05/turn              (no ring)
MPRegen  0.10/turn              (no ring)

@: quick
A: very small, no armour, no weapons or thrown items, stealth, claws 1, fangs 3,
see invisible, carnivore, speed 1, shaggy fur 1, slow metabolism 1, sharp paws
a: no special abilities


You were on level 2 of the Dungeon.
You were very full.

You visited 1 branch of the dungeon, and saw 2 of its levels.

You collected 93 gold pieces.

Inventory:

Missiles
 a - 128 stones
Jewellery
 g - a cursed amulet of inaccuracy {unknown}
Scrolls
 b - 2 scrolls of blinking
 d - a scroll of noise {unknown}
 f - 3 scrolls of remove curse {unknown}
Potions
 e - a potion of lignification {unknown}
 h - 2 potions of curing {unknown}
 i - a potion of flight {unknown}
 j - 2 potions of berserk rage {unknown}
Comestibles
 c - 4 rations


   Skills:
 - Level 2.0 Fighting
 + Level 3.6 Dodging
 * Level 2.5 Stealth
 * Level 2.7 Unarmed Combat
 - Level 2.0 Spellcasting
 + Level 0.0 Charms
 - Level 4.4 Translocations


You had 2 spell levels left.
You knew the following spells:

 Your Spells              Type           Power        Failure   Level  Hunger
a - Blink                 Tloc           N/A          6%          2    ###....
b - Shroud of Golubria    Chrm/Tloc      #.....       14%         2    ###....

Your spell library contained the following spells:

 Spells                   Type           Power        Failure   Level  Hunger
 Gell's Gravitas          Tloc           ##........   12%         3    ####...
 Lesser Beckoning         Tloc           ##........   12%         3    ####...
 Teleport Other           Tloc           ##......     12%         3    ####...
 Passage of Golubria      Tloc           N/A          36%         4    #####..


Dungeon Overview and Level Annotations

Branches:
Dungeon (2/15)

Altars:
Okawaru

Annotations:
D:2 exclusion: 2 adders


Innate Abilities, Weirdness & Mutations

You cannot wear armour.
You are incapable of wielding weapons or throwing items.
Your paws allow you to move quietly. (Stealth)
You have sharp claws.
You have razor-sharp teeth.
You have supernaturally acute eyesight. (SInv)
You are carnivorous and can eat meat at any time.
You cover ground quickly.
You are covered in fur. (AC +1)
You have a slow metabolism.
Your sharp claws are effective at attacking unaware monsters.


Message History

The orc wizard is severely wounded.
The orc wizard closely misses you.
You scratch the orc wizard but do no damage.
The orc wizard is severely wounded.
The orc wizard completely misses you.
You scratch the orc wizard but do no damage.
The orc wizard is severely wounded.
The orc wizard hits you with a +0 dagger.
* * * LOW HITPOINT WARNING * * *
You barely miss the orc wizard.
The orc wizard is severely wounded.
An orc wizard comes into view. It is wielding a +0 dagger of pain.
The orc wizard closely misses you.
You miss the orc wizard.
The orc wizard is severely wounded.
The orc wizard miscasts a cantrip.
You completely miss the orc wizard.
The orc wizard is severely wounded.
The orc wizard hits you with a +0 dagger.
You die...

......#.....###############.....#
......#.....# #................#
......#.....# #..########......#
......#.....# #.##......##.....#
......#.....# #.#).......#..##..
##.####.....####.#...##...#......
#....).......##.#..####..'..####
############.##.#..####..##.##..
#.##@#...##...##.#...
#.##o#........#รท.#...
#'##.##......##......
...#.#########...#...
.o.#.##..........#...
....#.##..........##..
....#'##.....####.####
....r...#.....# #.....
....#.....# ###.##


You could see an orc wizard.

Vanquished Creatures
  2 oozes (D:1)
  2 dart slugs (D:2)
  2 orcs (D:2)
  A ball python (D:2)
  4 hobgoblins
  3 kobolds
  3 bats
  3 frilled lizards (D:2)
  A rat (D:2)
21 creatures vanquished.

Notes
Turn   | Place    | Note
-------+----------+-------------------------------------------
     0 | D:1      | Descartes the Felid Warper began the quest for the Orb.
     0 | D:1      | Reached XP level 1. HP: 9/9 MP: 4/4
   499 | D:1      | Reached skill level 1 in Stealth
   549 | D:1      | Reached XP level 2. HP: 13/13 MP: 6/6
   613 | D:1      | Learned a level 2 spell: Blink
   616 | D:1      | Learned a level 2 spell: Shroud of Golubria
  1389 | D:2      | Reached XP level 3. HP: 11/16 MP: 7/7
  1517 | D:2      | Found an iron altar of Okawaru.
  1674 | D:2      | Slain by an orc wizard

Illustrated notes

Levels and vault maps discovered:
D:1:      dpeg_arrival_pond, layout_loops_ring
D:2:      layout_basic, old_standard_altar, kennysheep_another_room

Skill      XL: |  1  2 |
---------------+-------+-----
Stealth        | 1 2 |  2.5
Fighting       | |  2.0
Dodging        | |  3.6
Unarmed Combat | |  2.7
Spellcasting   | |  2.0
Translocations | |  4.4

Action                   || total
-------------------------++-------
Melee: Unarmed           ||    80
       Bite              ||     6
       Punch             ||     1
 Stab: Sleeping          ||     4
  Eat: Chunk             ||     8
Armor: Skin              ||     6
Dodge: Dodged            ||    56
